 Dungeon Crawl Stone Soup version 0.31.0-9-g3a7656b989 (webtiles) character file.

Game seed: 4282794318745953933

397 qw the Skirmisher (level 6, 0/36 HPs)
             Began as a Deep Elf Hunter on Feb 2, 2024.
             Slain by an orc warrior
             ... wielding a +0 scimitar
              (13 damage)
             ... on level 5 of the Dungeon.
             The game lasted 00:00:14 (3209 turns).

qw the Skirmisher (Deep Elf Hunter)                 Turns: 3209, Time: 00:00:15

Health: 0/36       AC:  8    Str: 10    XL:     6   Next: 53%
Magic:  8/8        EV: 11    Int: 14    God:
Gold:   93         SH:  0    Dex: 18    Spells: 5/5 levels left

rFire   + . .        a - +1 shortbow
rCold   + . .        (shield currently unavailable)
rNeg    . . .        f - +0 ring mail
rPois   .            d - +0 helmet
rElec   .            i - scarf {rC+ rF+}
rCorr   +            b - +1 pair of gloves
SInv    .            (no boots)
Will    .....        q - amulet of regeneration
Stlth   +            m - ring of resist corrosion
HPRegen 1.06/turn    (no ring)
MPRegen 0.11/turn

%: no passive effects
@: hasted, very quick
A: no striking features
a: no special abilities


You were on level 5 of the Dungeon.
You visited 2 branches of the dungeon, and saw 6 of its levels.

You collected 243 gold pieces.
You spent 150 gold pieces at shops.


   Skills:
 - Level 2.3 Fighting
 + Level 9.2 Ranged Weapons
 - Level 1.4 Armour
 - Level 3.4 Dodging
 - Level 1.2 Stealth


You had 5 spell levels left.
You didn't know any spells.
Your spell library was empty.

Inventory:

Hand Weapons
 a - a +1 shortbow (weapon)
Armour
 b - a +1 pair of gloves (worn)
 d - a +0 helmet (worn)
 f - a +0 ring mail (worn)
 i - a scarf of resistance (worn)
 k - a +0 cloak
Jewellery
 m - a ring of resist corrosion (left hand)
 q - an amulet of regeneration (around neck)
Wands
 j - a wand of flame (16)
Scrolls
 l - 4 scrolls of identify
 n - a scroll of blinking {unknown}
Potions
 c - 3 potions of might {unknown}
 e - a potion of haste
 g - a potion of curing
 h - a potion of resistance
 o - a potion of mutation
 p - a potion of cancellation {unknown}

Dungeon Overview and Level Annotations

Branches:
Dungeon (5/15)             Temple (1/1) D:5

Altars:
Ashenzari
Cheibriados
Dithmenos
Elyvilon
Fedhas
Gozag
Hepliaklqana
Kikubaaqudgha
Nemelex Xobeh
Ru
Sif Muna
Trog
Vehumet
Wu Jian
Xom
Yredelemnul
Zin
The Shining One

Shops:
D:4 ?


Message History

Enter note:
Enter note:
3199 ||| RETREEEEATING.
The orc warrior misses you.
There is an open door here.
3200 ||| DRINKING 2 potions of haste.
You feel yourself speed up. The orc warrior barely misses you.
You shoot an arrow.
The arrow barely misses the orc warrior.
The arrow closely misses the phantom.
You shoot an arrow.
The arrow hits the orc warrior but does no damage.
The orc warrior hits you with a +0 scimitar!
You shoot an arrow.
The arrow barely misses the orc warrior.
The arrow barely misses the phantom.
The orc warrior hits you with a +0 scimitar!
You shoot an arrow.
The arrow closely misses the orc warrior.
The arrow hits the phantom.
The phantom is lightly damaged.
You shoot an arrow.
The arrow barely misses the orc warrior.
The arrow hits the phantom but does no damage.
The phantom is lightly damaged.
The orc warrior hits you with a +0 scimitar.
You shoot an arrow.
The arrow barely misses the orc warrior.
The arrow hits the phantom.
The phantom is moderately damaged.
The orc warrior hits you but does no damage.
You shoot an arrow.
The arrow hits the orc warrior but does no damage.
The orc warrior barely misses you.
You shoot an arrow. The arrow hits the orc warrior.
The orc warrior is moderately wounded.
You shoot an arrow. The arrow hits the orc warrior!
The orc warrior is heavily wounded.
The orc warrior hits you with a +0 scimitar!
You die...

###### ##### #########
#....# #.... .......#
#....# #.... ......#
#....# #.... .....#
#....####....
#...####....##......
#.......<......#....
##.....##....#.......
#..#@#..#....##.#....
##.##o##.#....##......
#..#.W.#......##......
###.#######..####....###
#...# #..####.##....
#...# +.......######
#..## ##..##### ## #..#
#.....#####.. ##.+
#.#.........#


You could see an orc warrior and a phantom.

Vanquished Creatures
  A scorpion (D:5)
  A bombardier beetle (D:5)
  2 orc priests (D:5)
  2 iguanas
  A sleepcap (D:5)
  7 adders
  2 ribbon worms
  4 dart slugs
  7 orcs
  8 endoplasms
  3 giant cockroaches
  7 hobgoblins
  3 jackals (D:5)
  5 quokkas
  11 ball pythons
  6 bats
  4 frilled lizards
  3 goblins
  7 kobolds
  6 rats
90 creatures vanquished.

Notes
Turn   | Place    | Note
-------+----------+-------------------------------------------
     0 | D:1      | qw the Deep Elf Hunter began the quest for the Orb.
     0 | D:1      | Reached XP level 1. HP: 12/12 MP: 3/3
     0 | D:1      | 0 ||| qw: Version: 0.3-a-155-g5e7d8dd
     0 | D:1      | 0 ||| qw: Game counter: 1657
     0 | D:1      | 0 ||| qw: Melee chars always use a shield: true
     0 | D:1      | 0 ||| qw: God list: Okawaru
     0 | D:1      | 0 ||| qw: Allow faded altars: false
     0 | D:1      | 0 ||| qw: Do Orc after clearing Dungeon:15 true
     0 | D:1      | 0 ||| qw: Do second Lair branch before Depths: true
     0 | D:1      | 0 ||| qw: Lair rune preference: random
     0 | D:1      | 0 ||| qw: Goals: Normal
     0 | D:1      | 0 ||| PLANNING D:1-11
   222 | D:1      | Reached XP level 2. HP: 16/16 MP: 4/4
   273 | D:1      | Reached skill level 6 in Ranged Weapons
   643 | D:1      | 643 ||| UPGRADING to +0 cloak.
   648 | D:1      | 648 ||| UPGRADING to ring of resist corrosion.
   649 | D:1      | 649 ||| READING scroll labelled QEORAGGEA OTRY.
   650 | D:1      | 650 ||| READING scroll labelled FIWNOPR DUKLES.
   654 | D:1      | 654 ||| READING scroll labelled ERIDUD CICORR.
   755 | D:1      | 755 ||| READING scroll labelled MOTHRA LAESMI.
   755 | D:1      | 755 ||| IDENTIFYING smoky pink potion
   756 | D:1      | 756 ||| READING scroll labelled KUDUCZERUI.
   757 | D:1      | 757 ||| DRINKING 2 inky potions.
   758 | D:1      | 758 ||| DRINKING 2 metallic red potions.
   759 | D:1      | 759 ||| DROPPING scroll of butterflies.
   760 | D:1      | 760 ||| DROPPING potion of magic.
   761 | D:1      | 761 ||| DROPPING potion of degeneration.
   791 | D:2      | Reached XP level 3. HP: 20/20 MP: 5/5
  1151 | D:2      | Reached skill level 7 in Ranged Weapons
  1413 | D:2      | 1413 ||| UPGRADING to +0 pair of gloves.
  1418 | D:2      | 1418 ||| UPGRADING to +0 helmet.
  1423 | D:2      | 1423 ||| UPGRADING to amulet of guardian spirit.
  1428 | D:2      | 1428 ||| READING scroll of identify.
  1428 | D:2      | 1428 ||| IDENTIFYING fizzy cyan potion
  1429 | D:2      | 1429 ||| READING scroll labelled GEGHAH WOBEAS.
  1456 | D:3      | 1456 ||| STAIRDANCE
  1463 | D:2      | Reached XP level 4. HP: 25/25 MP: 4/6
  1620 | D:3      | Reached skill level 8 in Ranged Weapons
  1793 | D:3      | Reached XP level 5. HP: 29/29 MP: 7/7
  1877 | D:3      | 1877 ||| UPGRADING to scarf of resistance.
  1887 | D:3      | 1887 ||| READING scroll of identify.
  1887 | D:3      | 1887 ||| IDENTIFYING lumpy green potion
  1888 | D:3      | 1888 ||| READING scroll labelled OMIRAYSATAAS.
  1888 | D:3      | 1888 ||| ENCHANTING +0 pair of gloves.
  1915 | D:4      | Found Nonuh's Magic Scroll Shoppe.
  1931 | D:4      | 1931 ||| BUYING scroll of enchant weapon (90 gold).
  1931 | D:4      | Bought a scroll of enchant weapon for 90 gold pieces
  1931 | D:4      | 1931 ||| BUYING scroll of identify (24 gold).
  1931 | D:4      | Bought a scroll of identify for 24 gold pieces
  1931 | D:4      | 1931 ||| BUYING scroll of teleportation (36 gold).
  1931 | D:4      | Bought a scroll of teleportation for 36 gold pieces
  1931 | D:4      | 1931 ||| READING scroll of enchant weapon.
  1931 | D:4      | 1931 ||| ENCHANTING +0 shortbow.
  2413 | D:4      | Reached skill level 9 in Ranged Weapons
  2665 | D:4      | 2665 ||| UPGRADING to amulet of regeneration.
  2675 | D:4      | 2675 ||| DROPPING amulet of guardian spirit.
  2676 | D:4      | 2676 ||| DROPPING ring of flight.
  2677 | D:4      | 2677 ||| READING 3 scrolls of identify.
  2677 | D:4      | 2677 ||| IDENTIFYING murky silvery potion
  2680 | D:5      | Entered Level 5 of the Dungeon
  2769 | D:5      | Reached skill level 3 in Dodging
  2813 | D:5      | Found a staircase to the Ecumenical Temple.
  2814 | D:5      | 2814 ||| PLANNING TEMPLE
  2814 | D:5      | 2814 ||| UPGRADING to +0 ring mail.
  2824 | D:5      | 2824 ||| DROPPING +0 leather armour.
  2833 | Temple   | Entered the Ecumenical Temple
  2834 | Temple   | 2834 ||| PLANNING D:1-11
  2899 | D:5      | HP: 4/29 [orc priest/+0 trident (6)]
  2900 | D:5      | Reached XP level 6. HP: 5/36 MP: 8/8
  2900 | D:5      | 2900 ||| READING scroll of teleportation.
  2903 | D:5      | HP: 1/36 [orc priest/divine providence (9)]
  2975 | D:5      | Reached skill level 1 in Armour
  3038 | D:5      | Found a sparkling altar of Nemelex Xobeh.
  3198 | D:5      | Noticed an orc warrior
  3199 | D:5      | 3199 ||| RETREEEEATING.
  3200 | D:5      | 3200 ||| DRINKING 2 potions of haste.
  3209 | D:5      | Slain by an orc warrior

Levels and vault maps discovered:
D:1:      dpeg_arrival_long_road, layout_basic
D:2:      layout_basic, chequers_garden, grunt_ministairs_13
D:3:      layout_rooms
D:4:      layout_cave_pods, serial_shops, nicolae_shop_tiny_glass
D:5:      layout_rooms, nemelex_spade_bored_becter,
          minmay_temple_entry_junction, minmay_divided_ellipse
Temple:   nicolae_temple_bog_church

Skill      XL: |  1  2  3  4  5  6 |
---------------+-------------------+-----
Ranged Weapons | 6 7 8 9 |  9.2
Dodging        | 3 |  3.4
Fighting       | 2 |  2.3
Armour         | 1 |  1.4
Stealth        | |  1.2

Action                     |  1- 3 |  4- 6 || total
---------------------------+-------+-------++-------
   Fire: Shortbow          |    99 |   175 ||   274
    Use: Scroll            |     7 |     5 ||    12
         Potion            |     2 |     1 ||     3
 Armour: Leather armour    |    16 |    14 ||    30
         Ring mail         |       |    32 ||    32
  Dodge: Dodged            |    18 |    39 ||    57

Table legend:
 A = Non-vault XP
 B = Vault XP
 C = Vault XP percentage of total XP
 D = Non-vault monster count
 E = Vault monster count
 F = Vault count percentage of total count
                 A         B        C        D         E       F
            +---------+---------+-------+---------+---------+-------
      Total |     564 |       4 |   0.7 |      88 |       2 |   2.2
            +---------+---------+-------+---------+---------+-------
        D:1 |      39 |       0 |   0.0 |      24 |       0 |   0.0
        D:2 |      58 |       4 |   6.5 |      20 |       2 |   9.1
        D:3 |      95 |       0 |   0.0 |      18 |       0 |   0.0
        D:4 |      82 |       0 |   0.0 |      12 |       0 |   0.0
        D:5 |     290 |       0 |   0.0 |      14 |       0 |   0.0
            +---------+---------+-------+---------+---------+-------
